Map: Orbital Shipyard

Players

StoicLoofah - Winner!

  • Race: Protoss Protoss

A.I. 1 (Easy)

  • Race: Zerg Zerg

VOD

Have the link to the VOD?

Description

Time

  • Played on: Nov. 11, 2015, 12:20 a.m.
  • Length: 9:24
Show
View Real Time Build Order
Export as new Build Order

StoicLoofah Protoss - Winner!

Build Orders: 1 Gate Expand, Oracle Opening 

Get SALT Encoding   

  12  0:01  Probe (Chrono Boost)  
  13  0:15  Pylon  
  13  0:20  Probe (Chrono Boost)  
  14  0:31  Probe (Chrono Boost)  
  15  0:38  Gateway  
  15  0:41  Probe (Chrono Boost)  
  16  0:46  Assimilator  
  16  0:52  Probe (Chrono Boost)  
  17  1:03  Probe (Chrono Boost)  
  18  1:13  Probe (Chrono Boost)  
  19  1:26  Nexus  
  19  1:31  Probe (Chrono Boost)  
  20  1:41  Probe (Chrono Boost)  
  20  1:43  Cybernetics Core  
  21  1:52  Probe (Chrono Boost), Assimilator  
  22  1:59  Pylon  
  22  2:02  Probe (Chrono Boost)  
  23  2:17  Probe (Chrono Boost)  
  23  2:19  Adept  
  23  2:20  Warp Gate (Chrono Boost)  
  26  2:27  Stargate  
  26  2:31  Probe  
  27  2:38  Probe  
  28  2:51  Probe  
  28  2:53  Probe  
  28  2:58  Gateway  
  30  3:02  Gateway, Probe  
  31  3:13  Oracle (Chrono Boost)  
  31  3:14  Probe  
  31  3:15  Probe  
  36  3:21  Pylon  
  36  3:25  Zealot  
  38  3:36  Probe  
  38  3:38  Probe  
  40  3:45  Twilight Council  
  40  3:47  Probe, Assimilator  
  40  3:48  Assimilator  
  40  3:50  Probe  
  42  3:58  Probe  
  42  4:00  Oracle (Chrono Boost)  
  47  4:05  Mothership Core  
  47  4:07  Pylon  
  47  4:08  Probe  
  49  4:19  Probe  
  50  4:38  Probe, Blink  
  50  4:39  Probe  
  52  4:46  Stalker  
  52  4:47  Stalker  
  56  4:56  Gateway  
  56  4:57  Gateway  
  56  4:59  Gateway  
  56  5:02  Pylon  
  56  5:03  Pylon  
  56  5:19  Probe  
  56  5:21  Probe  
  58  5:23  Stalker x3  
  64  5:29  Pylon  
  64  5:32  Robotics Facility  
  64  5:33  Probe x2  
  66  5:46  Probe  
  66  5:47  Probe  
  68  5:54  Stalker x2  
  68  5:55  Stalker x3  
  68  5:56  Probe  
  79  6:10  Probe  
  79  6:11  Probe  
  79  6:15  Stalker  
  79  6:16  Stalker  
  85  6:24  Nexus  
  85  6:26  Pylon  
  85  6:27  Pylon  
  85  6:35  Pylon  
  85  6:37  Pylon  
  85  6:43  Warp Prism (Chrono Boost)  
  87  7:08  Stalker x6  
  95  7:09  Probe  
  95  7:11  Probe  
  101  7:19  Forge  
  101  7:21  Forge  
  101  7:45  Stalker x4  
  101  7:46  Stalker x2  
  113  8:22  Stalker x2  
  113  8:23  Stalker  
  113  8:24  Stalker x3  
  113  8:25  Probe x2  
  113  8:26  Probe  
  128  8:48  Probe x2  
  128  8:49  Probe  
  128  8:51  Assimilator  
  128  8:52  Assimilator  
  128  8:54  Stalker  
  133  9:01  Pylon  
  133  9:02  Pylon  
  133  9:03  Pylon  
  133  9:05  Pylon  
Show
View Real Time Build Order
Export as new Build Order

A.I. 1 (Easy) Zerg 

Build Orders: Pool First 

Get SALT Encoding   

  12  0:00  Drone  
  13  0:12  Overlord  
  13  0:17  Drone  
  14  0:30  Drone  
  14  0:34  Drone  
  16  0:43  Spawning Pool  
  16  0:45  Extractor  
  16  0:46  Drone  
  15  0:50  Drone  
  16  0:58  Overlord  
  16  1:30  Queen  
  16  1:31  Zergling x2  
  19  1:34  Roach Warren  
  19  1:35  Drone, Extractor  
  18  1:42  Drone  
  18  1:44  Zergling x2  
  20  2:02  Overlord  
  20  2:15  Roach  
  22  2:16  Drone  
  23  2:24  Drone  
  24  2:35  Drone  
  27  2:37  Roach  
  27  2:39  Drone  
  27  2:44  Drone  
  29  2:48  Drone  
  30  2:57  Overlord  
  30  3:09  Roach  
  32  4:20  Drone  
  31  4:24  Drone  
  31  4:28  Drone  
  31  4:33  Drone  
  32  5:04  Drone  
  31  5:09  Drone  
  31  5:13  Drone  
  30  5:18  Drone  
  29  5:22  Lair, Drone, Roach  
  29  5:26  Drone  
  33  5:31  Drone  
  33  5:32  Hatchery  
  33  5:35  Drone  
  34  5:39  Drone  
  34  5:41  Overlord  
  35  5:46  Drone  
  36  5:52  Drone  
  36  5:56  Drone  
  38  6:07  Zergling x2  
  31  6:19  Overseer  
  31  6:20  Overseer  
  31  6:25  Hydralisk Den, Roach  
  32  6:42  Roach  
  32  6:45  Drone  
  35  6:49  Drone  
  35  6:54  Drone, Extractor  
  34  6:55  Extractor  
  34  6:58  Drone  
  34  7:00  Roach  
  30  7:02  Drone  
  30  7:06  Drone  
  30  7:11  Drone  
  30  7:15  Drone  
  32  7:17  Hydralisk  
  32  7:19  Drone  
  35  7:24  Drone  
  35  7:28  Drone  
  37  7:32  Drone  
  37  7:35  Hydralisk  
  37  7:37  Drone  
  41  7:43  Drone  
  42  7:47  Drone  
  43  7:53  Drone  
  43  7:54  Zergling x2  
  43  7:57  Drone  
  44  8:02  Drone, Overlord  
  37  8:06  Drone  
  37  8:09  Zergling x2  
  37  8:13  Overseer  
  37  8:15  Overlord  
  29  8:29  Overlord  
  29  8:33  Roach  
  26  8:34  Drone  
  26  8:40  Hydralisk Den  
  18  8:48  Overlord  
Tags
 
Add a new tag
Caveats
  • Supply blocks, unpowered buildings, or Contaminate may cause inaccurate times.
  • Supply counts are checked every 10 seconds.